 Dungeon Crawl Stone Soup version 0.17-a0-670-g5d95ebd (webtiles) character file.

4862 laxity the Transmogrifier (level 10, -3/88 HPs)
             Began as a Naga Transmuter on Apr 18, 2015.
             Slain by a yak (4 damage)
             ... on level 9 of the Dungeon.
             The game lasted 00:31:35 (15793 turns).

laxity the Transmogrifier (Naga Transmuter)        Turns: 15793, Time: 00:31:35

Health: -3/88      AC:  7    Str: 12    XL:     10   Next: 50%
Magic:  10/15      EV: 10    Int: 17    God:
Gold:   148        SH:  0    Dex: 12    Spells: 5 memorised, 1 level left

rFire  . . .     SeeInvis +       - Unarmed
rCold  . . .     Clarity  .     c - +0 robe
rNeg   . . .     SustAb   .     (shield currently unavailable)
rPois  +         Gourm    .     G - +2 helmet
rElec  .         Spirit   .     (no cloak)
rCorr  .         Warding  .     (gloves currently unavailable)
rMut   .         Stasis   .     (no barding)
MR     +....                    (no amulet)
Stlth  +.........               (no ring)
                                (no ring)

@: blade hands, very slow, somewhat resistant to hostile enchantments, very
unstealthy
A: see invisible, deformed body, poison resistance, slowness 2, spit poison 2,
AC +3
a: Spit Poison, End Transformation


You were on level 9 of the Dungeon.
You were hungry.
You had blades for hands.
You visited 2 branches of the dungeon, and saw 10 of its levels.

You collected 283 gold pieces.
You spent 135 gold pieces at shops.

Inventory:

Hand weapons
 A - the +4 arbalest of Pemix {elec, rN+ Int+3, unknown}
   (You found it on level 7 of the Dungeon)

   It charges the ammunition it shoots with electricity; occasionally upon a
   hit, such missiles may discharge and cause terrible harm.
   It affects your intelligence (+3).
   It protects you from negative energy.
Missiles
 b - 142 arrows
 i - 14 arrows of flame
 C - 15 poisoned arrows
 D - 17 arrows of frost
Armour
 c - a +0 robe (worn)
 G - a +2 helmet (worn)
Jewellery
 n - an uncursed ring of ice
 s - an uncursed ring of fire
Magical devices
 l - a wand of flame (14)
 t - a wand of paralysis (11)
 u - a wand of magic darts (21)
Scrolls
 e - a scroll of enchant weapon
 g - a scroll of identify
 h - 7 scrolls of remove curse
 j - 2 scrolls of random uselessness
 z - 4 scrolls of fear
 B - a scroll of fog
Potions
 k - a potion of might
 m - a potion of curing
 o - a potion of haste
 p - a potion of magic
 r - a potion of agility
 v - a potion of cure mutation
 x - 2 potions of cancellation {unknown}
Books
 d - a book of Changes

   Spells                             Type                      Level
   a - Beastly Appendage              Transmutation                1
   b - Sticks to Snakes               Transmutation                2
   c - Spider Form                    Transmutation/Poison         3
   d - Ice Form                       Ice/Transmutation            4
   e - Blade Hands                    Transmutation                5
 w - a book of Summonings

   Spells                             Type                      Level
   a - Abjuration                     Summoning                    3
   b - Recall                         Summoning/Translocation      3
   c - Shadow Creatures               Summoning                    5
   d - Summon Demon                   Summoning                    5
   e - Summon Forest                  Summoning/Translocation      5
   f - Monstrous Menagerie            Summoning                    6
 y - a book of Minor Magic

   Spells                             Type                      Level
   a - Magic Dart                     Conjuration                  1
   b - Blink                          Translocation                2
   c - Call Imp                       Summoning                    2
   d - Repel Missiles                 Charms/Air                   2
   e - Slow                           Hexes                        2
   f - Conjure Flame                  Conjuration/Fire             3
   g - Mephitic Cloud                 Conjuration/Poison/Air       3
 E - a book of Spatial Translocations

   Spells                             Type                      Level
   a - Apportation                    Translocation                1
   b - Blink                          Translocation                2
   c - Shroud of Golubria             Charms/Translocation         2
   d - Portal Projectile              Translocation                3
   e - Teleport Other                 Translocation                3
   f - Passage of Golubria            Translocation                4
Comestibles
 a - 4 bread rations
 f - 4 fruits
 q - 4 slices of pizza
 F - 4 chunks of flesh


   Skills:
 - Level 5.1 Fighting
 - Level 1.5 Dodging
 + Level 8.4 Unarmed Combat
 - Level 3.5 Spellcasting
 - Level 3.0 Translocations
 - Level 11.1 Transmutations


You had one spell level left.
You knew the following spells:

 Your Spells              Type           Power        Failure   Level  Hunger
a - Beastly Appendage     Trmt           #####.       10%         1    None
b - Spider Form           Trmt/Pois      ###.......   41%         3    ###....
c - Blade Hands           Trmt           #####.....   36%         5    ######.
d - Ice Form              Ice/Trmt       ###.....     63%         4    ####...
e - Blink                 Tloc           N/A          45%         2    ##.....


Dungeon Overview and Level Annotations

Branches:
Dungeon (9/15)             Temple (1/1) D:6
   Lair: D:8-11         Orc: D:9-12

Altars:
Ashenzari
Cheibriados
Dithmenos
Elyvilon
Fedhas
Gozag
Kikubaaqudgha
Makhleb
Nemelex Xobeh
Okawaru
Qazlal
Ru
Sif Muna
Trog
Vehumet
Yredelemnul
Zin
The Shining One

Shops:
D:9 [


Innate Abilities, Weirdness & Mutations

You cannot wear boots.
Your serpentine skin is tough (AC +3).
You have supernaturally acute eyesight.
Armour fits poorly on your strangely shaped body.
Your system is resistant to poisons.
You cover ground very slowly.
You can spit poison.


Message History

Your +2 helmet unmelds from your body.
Your +0 robe unmelds from your body.
Use which ability? (? or * to list)
You can't do that.
Unknown command.
Casting: Spider Form
Confirm with . or Enter, or press ? or * to list all spells.
Your hands turn into razor-sharp scythe blades.
The yak gores you!
* * * LOW HITPOINT WARNING * * *
You barely miss the yak.
The yak is moderately wounded.
The yak gores you!
* * * LOW HITPOINT WARNING * * *
You hit the yak.
The yak is heavily wounded.
The yak looks more healthy. x2
The yak gores you!
* * * LOW HITPOINT WARNING * * *
The yak gores you.
You die...

#####. .... . .... ...
...# ... #..# .. #..+
.. #..# #. #@.# #.
#YY#
#.########..######
####..................
#.....................
####..................
#..#######.....####
#..# #.......... #..#
#..####....


You could see 2 yaks.

Vanquished Creatures
  The ghost of laxity the Transmogrifier, an experienced NaTm (D:7)
  Joseph (D:8)
  The ghost of emiel the Changer, an experienced FoTm (D:5)
  A hippogriff (D:7)
  A wyvern (D:8)
  2 yaks (D:9)
  Edmund (D:6)
  An ice beast (D:6)
  Duvessa (D:6)
  A wasp (D:8)
  6 ogres
  An orc warrior (D:9)
  3 centaurs
  4 giant frogs
  Dowan (D:6)
  2 scorpions
  The ghost of jernau the Skirmisher, a weakling HOWr (D:4)
  A crimson imp (D:5)
  A quasit (D:5)
  3 centaur zombies
  7 orc priests
  5 hounds
  A giant frog zombie (D:7)
  8 worker ants
  12 orc wizards
  4 giant frog skeletons
  An iguana (D:6)
  3 worker ant zombies
  12 adders
  6 gnolls
  2 shadow imps
  2 adder skeletons
  3 worms
  11 giant geckos
  34 orcs
  A bat zombie (D:7)
  4 giant cockroaches
  19 hobgoblins
  2 jackals (D:6)
  17 kobolds
  6 quokkas
  2 ball pythons
  A ball python skeleton (D:4)
  20 bats
  A giant gecko skeleton (D:7)
  A giant gecko zombie (D:6)
  4 giant newts
  23 goblins
  14 rats
  14 ballistomycetes (D:6)
274 creatures vanquished.

Vanquished Creatures (others)
  2 giant spores (D:6)
  A kobold (D:6)
3 creatures vanquished.

Grand Total: 277 creatures vanquished

Notes
Turn   | Place    | Note
--------------------------------------------------------------
     0 | D:1      | laxity, the Naga Transmuter, began the quest for the Orb.
     0 | D:1      | Reached XP level 1. HP: 18/18 MP: 3/3
   658 | D:1      | Reached XP level 2. HP: 23/25 MP: 3/5
  1966 | D:2      | Reached XP level 3. HP: 17/31 MP: 4/6
  2105 | D:2      | Learned a level 3 spell: Spider Form
  2466 | D:2      | Reached skill level 4 in Transmutations
  2595 | D:2      | Found a basalt altar of Yredelemnul.
  2679 | D:2      | Reached XP level 4. HP: 38/38 MP: 4/7
  3297 | D:3      | Reached skill level 5 in Transmutations
  3297 | D:3      | Reached XP level 5. HP: 38/44 MP: 0/8
  5066 | D:4      | Noticed jernau's ghost (weakling HOWr)
  5114 | D:4      | Reached skill level 6 in Transmutations
  5119 | D:4      | Reached XP level 6. HP: 39/51 MP: 2/9
  6133 | D:4      | Reached skill level 7 in Transmutations
  6202 | D:4      | Reached XP level 7. HP: 42/57 MP: 6/10
  6351 | D:3      | Learned a level 5 spell: Blade Hands
  7051 | D:5      | Entered Level 5 of the Dungeon
  7265 | D:5      | Found a burning altar of Makhleb.
  7316 | D:5      | Noticed emiel's ghost (experienced FoTm)
  7344 | D:5      | Killed emiel's ghost
  7344 | D:5      | Reached skill level 8 in Transmutations
  7377 | D:5      | Reached skill level 9 in Transmutations
  7377 | D:5      | Reached XP level 8. HP: 41/64 MP: 7/11
  7491 | D:5      | Found a blossoming altar of Fedhas.
  8628 | D:4      | Found a bloodstained altar of Trog.
  8943 | D:4      | Killed jernau's ghost
  9792 | D:6      | Noticed Edmund
  9866 | D:6      | Killed Edmund
 10012 | D:6      | Found an ancient bone altar of Kikubaaqudgha.
 10032 | D:6      | Reached skill level 10 in Transmutations
 10988 | D:6      | Reached XP level 9. HP: 39/75 MP: 9/14
 11294 | D:6      | Found a staircase to the Ecumenical Temple.
 11310 | Temple   | Entered the Ecumenical Temple
 11619 | D:6      | Reached skill level 5 in Unarmed Combat
 11792 | D:6      | Noticed Duvessa
 11793 | D:6      | Noticed Dowan
 11802 | D:6      | Killed Duvessa
 11811 | D:6      | Killed Dowan
 12646 | D:7      | Noticed laxity's ghost (experienced NaTm)
 12657 | D:7      | Killed laxity's ghost
 12792 | D:7      | Found a snail-covered altar of Cheibriados.
 12802 | D:7      | Found a deep blue altar of Sif Muna.
 13031 | D:7      | Got a twisted arbalest
 13746 | D:7      | Reached XP level 10. HP: 84/84 MP: 11/15
 13876 | D:8      | Reached skill level 11 in Transmutations
 14389 | D:8      | Noticed Joseph
 14401 | D:8      | Killed Joseph
 14805 | D:8      | Found a shattered altar of Ashenzari.
 14866 | D:8      | Reached skill level 5 in Fighting
 14978 | D:8      | Learned a level 4 spell: Ice Form
 15316 | D:9      | Learned a level 2 spell: Blink
 15349 | D:9      | Found Afahuit's Antique Armour Boutique.
 15384 | D:9      | Reached skill level 1 in Translocations
 15611 | D:9      | Bought a runed helmet for 135 gold pieces
 15793 | D:9      | HP: 1/88 [yak (8)]
 15793 | D:9      | Slain by a yak

Action                   |  1- 3 |  4- 6 |  7- 9 | 10-12 || total
-------------------------+-------+-------+-------+-------++-------
Melee: Unarmed           |   137 |   233 |   550 |   126 ||  1046
 Cast: Beastly Appendage |    11 |       |       |       ||    11
       Spider Form       |     4 |    19 |    40 |    11 ||    74
       Blade Hands       |       |       |    10 |     6 ||    16
  Use: Scroll            |       |     2 |    15 |       ||    17
       Potion            |       |       |     5 |     1 ||     6
 Stab: Sleeping          |       |     1 |     1 |       ||     2
  Eat: Chunk             |     6 |    13 |    30 |     8 ||    57
       Pizza             |       |     1 |       |       ||     1
       Fruit             |       |       |     5 |     1 ||     6
